[Event "Late-Titled-Tuesday-Blitz-July-09-2024"]
[Site "Chess.com"]
[Date "2024.07.09"]
[Round "1"]
[White "miraitrunks"]
[Black "purpurice"]
[Result "0-1"]
[WhiteElo "2013"]
[BlackElo "2547"]
[TimeControl "180+1"]
[EndTime "14:06:45 PDT"]
[Termination "purpurice won by resignation"]

1. e4 c5 2. Nf3 d6 3. d4 cxd4 4. Nxd4 Nf6 5. f3 e5 6. Nb3 d5 7. exd5 Qxd5 8. Qxd5 Nxd5 9. Bc4 Nb6 10. Bb5+ Nc6 11. Bxc6+ bxc6 12. Nc3 Bf5 13. Na5 Rc8 14. Be3 Bb4 15. Nb7 Bxc2 16. Rc1 Bg6 17. Bxb6 axb6 18. O-O O-O 19. a3 Be7 20. Rfd1 Rc7 21. Nd6 Rd8 22.
Nd5 Bxd6 23. Nxc7 Bxc7 24. Rxd8+ Bxd8 25. Rxc6 Kf8 26. Kf2 Ke7 27. b4 Kd7 28. Rc1 b5 29.
Ke2 Bb6 30. Ra1 Bc2 31. Rc1 Bb3 32. Rd1+ Bd4 33. Rd2 Ke6 34. f4 f6 35. g4 Kd5 36.
g5 Ke4 37. fxe5 fxe5 38. Kf1 Kf3 39. Rd3+ Kf4 40. Rxb3 Kxg5 41. Ke2 Kf4 42. Rh3 h6 43. a4 bxa4 44. Rh4+ Kf5 45. b5 a3 46. Kd2 a2 0-1

[Event "Late-Titled-Tuesday-Blitz-July-09-2024"]
[Site "Chess.com"]
[Date "2024.07.09"]
[Round "1"]
[White "MyDream003"]
[Black "PoAslan"]
[Result "0-1"]
[WhiteElo "2731"]
[BlackElo "2426"]
[TimeControl "180+1"]
[EndTime "14:06:47 PDT"]
[Termination "PoAslan won on time"]

1. e4 c5 2. Nf3 e6 3. g3 Nc6 4. Bg2 d5 5. Qe2 dxe4 6. Qxe4 Nf6 7. Qe2 Be7 8. O-O O-O 9. d3 Nd5 10. a3 Bf6 11. Nbd2 b6 12. Ne4 Bb7 13. Nxf6+ Nxf6 14. Be3 h6 15. Rfe1 Nd5 16. Bd2 Re8 17. h4 e5 18.
c3 Qd7 19. Rad1 Rad8 20. Bc1 Ba6 21. Qc2 Nf6 22. Bf1 Bb7 23. Nh2 Qf5 24. Qe2 Na5 25. f3 Nb3 26. Qf2 Nxc1 27. Rxc1 h5 28. Qe3 Qg6 29. Qf2 Ba6 30. c4 Re6 31. Re3 Bb7 32.
Rce1 Rde8 33. Bh3 Rd6 34. Bf1 Qf5 35. Be2 Nd7 36. Nf1 Nf8 37. Nd2 Rg6 38. Kg2 Ne6 39.
Bd1 Nf4+ 40. Kh1 Nxd3 41. Qf1 Nxe1 42. Qxe1 Qh3+ 0-1

[Event "Late-Titled-Tuesday-Blitz-July-09-2024"]
[Site "Chess.com"]
[Date "2024.07.09"]
[Round "1"]
[White "TigrVShlyape"]
[Black "JoJoZP"]
[Result "0-1"]
[WhiteElo "2959"]
[BlackElo "2516"]
[TimeControl "180+1"]
[EndTime "14:06:50 PDT"]
[Termination "JoJoZP won on time"]

1. d4 Nf6 2. Bf4 g6 3. c3 Bg7 4.
Nf3 O-O 5. Nbd2 d6 6. e4 Nbd7 7.
Bc4 a6 8. a4 b6 9. O-O Bb7 10. Re1 Nh5 11. Be3 e5 12. Ba2 Kh8 13.
dxe5 dxe5 14. Ng5 Qe7 15. Qb3 Kg8 16. Qc4 h6 17. Ngf3 Rac8 18. b4 Nhf6 19. h3 Rfd8 20. Rad1 Nf8 21. a5 b5 22. Qe2 N6d7 23. Nb3 Ne6 24.
Nfd2 c5 25. bxc5 Ndxc5 26. Nxc5 Nxc5 27. Bxc5 Qxc5 28. Qf3 Rf8 29. Bd5 Bxd5 30. exd5 Qxc3 31. Qxc3 Rxc3 32. Ne4 Rc4 33. d6 f5 34. Nd2 Rd4 35. Nb3 Rxd1 36. Rxd1 Rd8 37. Nc5 Bf8 38. Nb7 Rd7 39.
Nc5 Rxd6 0-1

[Event "Late-Titled-Tuesday-Blitz-July-09-2024"]
[Site "Chess.com"]
[Date "2024.07.09"]
[Round "1"]
[White "MatthewG-p4p"]
[Black "FollowRivers"]
[Result "1-0"]
[WhiteElo "2923"]
[BlackElo "2485"]
[TimeControl "180+1"]
[EndTime "14:06:50 PDT"]
[Termination "MatthewG-p4p won by resignation"]

1. f4 d5 2. Nf3 g6 3. g3 Bg7 4. Bg2 Nf6 5. O-O O-O 6. d3 c5 7. Nc3 Nc6 8. e4 dxe4 9. dxe4 Bg4 10. e5 Nd7 11. Be3 f6 12. exf6 Bxf6 13. h3 Bxf3 14. Bxf3 Nd4 15. Bg2 e6 16. Ne4 Bg7 17. c3 Nf5 18. Bf2 Rc8 19. Ng5 Re8 20. Re1 Nf8 21. Bxb7 Qxd1 22. Raxd1 Rb8 23. Bc6 Rec8 24. Bf3 Rxb2 25.
Nxe6 Bxc3 26. Re4 Nxe6 27. Rxe6 Nd4 28. Bd5 Kf8 29. Rf6+ Ke7 30. Ra6 Rc7 31. Rd3 Rd7 32. Re3+ Kf8 33. Bc4 Bd2 34. Rea3 Nf5 35. Bxc5+ Kg7 36.
Rxa7 Rxa7 37. Rxa7+ Kh6 38. Bf8+ Kh5 39. Rxh7+ 1-0

[Event "Late-Titled-Tuesday-Blitz-July-09-2024"]
[Site "Chess.com"]
[Date "2024.07.09"]
[Round "1"]
[White "Aygehovit1992"]
[Black "Hirna2005"]
[Result "1-0"]
[WhiteElo "2773"]
[BlackElo "2418"]
[TimeControl "180+1"]
[EndTime "14:06:51 PDT"]
[Termination "Aygehovit1992 won by resignation"]

1. e4 g6 2. d4 Bg7 3. Nc3 d6 4.
Be3 a6 5. g4 b5 6. Bg2 Bb7 7. h4 h5 8. g5 e6 9. a3 Ne7 10. Nge2 Nd7 11. Qd2 Nb6 12. b3 Qd7 13. O-O-O O-O-O 14. Nf4 Kb8 15. Rh3 e5 16. dxe5 dxe5 17.
Qxd7 Nxd7 18. Nfd5 Nxd5 19. Nxd5 Nf8 20. Rf3 Rd7 21. Nc3 f5 22. gxf6 Bh6 23. Bxh6 Rxh6 24. Rxd7 Nxd7 25. f7 Rh8 26. Bh3 Nf8 27. Rf6 Rh7 28.
f4 exf4 29. e5 Bc8 30. Bxc8 Kxc8 31. e6 Nxe6 32. f8=Q+ Nxf8 33. Rxf8+ Kd7 34. Rxf4 Rg7 35. Ne4 Re7 36. Ng5 Re1+ 37. Kd2 Rh1 38. Nf3 Ke7 39.
a4 c6 40. Ne5 Rh2+ 41. Kd3 Rg2 42. Nxc6+ Kd6 43. Rf6+ Kd5 44. Rxg6 Rxg6 45. Ne7+ Ke6 46. Nxg6 bxa4 47. bxa4 Kf5 48. Ne7+ Kg4 49. c4 Kxh4 50. c5 Kg5 51. c6 Kf6 52. c7 Kxe7 53. c8=Q Kf6 54. Qxa6+ Kg5 55. Qb5+ 1-0

[Event "Late-Titled-Tuesday-Blitz-July-09-2024"]
[Site "Chess.com"]
[Date "2024.07.09"]
[Round "1"]
[White "mac0504"]
[Black "Indefatigable11"]
[Result "1-0"]
[WhiteElo "2760"]
[BlackElo "2415"]
[TimeControl "180+1"]
[EndTime "14:06:52 PDT"]
[Termination "mac0504 won by checkmate"]

1. c4 e5 2. Nc3 Nf6 3. e3 Bb4 4. Nge2 O-O 5. a3 Bxc3 6. Nxc3 c6 7. d4 exd4 8. Qxd4 d5 9. Be2 Be6 10. b4 dxc4 11. Qxd8 Rxd8 12. Bb2 Nbd7 13. f4 Nb6 14. e4 a5 15. f5 Bc8 16. g4 axb4 17.
axb4 Rxa1+ 18. Bxa1 Nfd7 19. Kf2 Ne5 20. Ke3 f6 21. h4 Na8 22. Na4 b5 23. Nc5 Nb6 24. Bd4 Na8 25. Ra1 Nc7 26. Ra7 Ne8 27. g5 Nd6 28.
gxf6 gxf6 29. Bh5 Rf8 30. Ne6 Bxe6 31. fxe6 Ng6 32. Bc5 Rd8 33. Bxg6 hxg6 34. Bxd6 Rxd6 35. Ra8+ Kg7 36. e7 Re6 37. e8=Q Rxe8 38. Rxe8 Kh6 39. Rc8 Kh5 40. Rxc6 Kxh4 41. Rxf6 g5 42. e5 g4 43. e6 g3 44. e7 g2 45. Kf2 c3 46.
e8=Q c2 47. Qh8+ Kg5 48. Qg7+ Kh5 49. Rh6# 1-0

[Event "Late-Titled-Tuesday-Blitz-July-09-2024"]
[Site "Chess.com"]
[Date "2024.07.09"]
[Round "1"]
[White "stollenmonster"]
[Black "falzehope0"]
[Result "1-0"]
[WhiteElo "2887"]
[BlackElo "2468"]
[TimeControl "180+1"]
[EndTime "14:06:54 PDT"]
[Termination "stollenmonster won on time"]

1. e4 d6 2. g3 Nf6 3. Bg2 Nbd7 4. Ne2 e5 5. O-O Be7 6. h3 O-O 7. d4 c6 8. Re1 Qc7 9. c4 Re8 10. Nbc3 Nf8 11. Be3 Ng6 12. Qd2 Bd7 13. Rac1 Qc8 14.
Kh2 h6 15. f4 exf4 16. Nxf4 Nf8 17. Qd1 Bd8 18. Nh5 Ng6 19. Rf1 Nh7 20. h4 Bg4 21.
Bf3 Bh3 22. Bg2 Bg4 23. Bf3 Bh3 24. Rf2 Bd7 25. Qd2 Bg4 26. Rcf1 Rf8 27. Bxh6 Bxf3 28. Rxf3 Qg4 29. Nxg7 Bxh4 30. gxh4 Qxh4+ 31. Rh3 Qg4 32. Nf5 Rfe8 33. Rg1 Qxh3+ 34. Kxh3 Re6 35. d5 Re5 36. Bf4 1-0

[Event "Late-Titled-Tuesday-Blitz-July-09-2024"]
[Site "Chess.com"]
[Date "2024.07.09"]
[Round "1"]
[White "DanLowinger"]
[Black "Mops_2004"]
[Result "0-1"]
[WhiteElo "2407"]
[BlackElo "2740"]
[TimeControl "180+1"]
[EndTime "14:06:54 PDT"]
[Termination "Mops_2004 won by resignation"]

1. e4 g6 2. d4 Bg7 3. Nc3 d6 4. f4 a6 5. Be3 b5 6. Nf3 Bb7 7. Bd3 Nd7 8. Qe2 c5 9. e5 Nh6 10. O-O-O O-O 11. h4 b4 12. Na4 Qa5 13. b3 cxd4 14.
Bxd4 Bxf3 15. gxf3 dxe5 16. fxe5 Nxe5 17. Be4 Rad8 18.
f4 Nd3+ 19. Rxd3 Rxd4 20. Rxd4 Bxd4 21. h5 Bg7 22. hxg6 hxg6 23. Qc4 e6 24. Kb1 Qd8 25. Nc5 Qf6 26. Kc1 Rd8 27. Nd3 Ng4 28. Qxb4 Nf2 29. Re1 Nxd3+ 30. Bxd3 Qb2+ 31. Kd1 Bc3 32. Qe7 Qb1+ 0-1

[Event "Late-Titled-Tuesday-Blitz-July-09-2024"]
[Site "Chess.com"]
[Date "2024.07.09"]
[Round "1"]
[White "Charodej1"]
[Black "Bob_2004"]
[Result "0-1"]
[WhiteElo "2382"]
[BlackElo "2701"]
[TimeControl "180+1"]
[EndTime "14:06:54 PDT"]
[Termination "Bob_2004 won by resignation"]

1. e4 c5 2. Nf3 d6 3. d4 cxd4 4. Nxd4 Nf6 5. Nc3 Nc6 6. Bc4 g6 7. f3 Bg7 8. Be3 Bd7 9. Qd2 Rc8 10. Bb3 O-O 11. O-O-O Na5 12. g4 Nc4 13. Bxc4 Rxc4 14. h4 h5 15. gxh5 Nxh5 16. Nde2 Qa5 17. Qd5 Qc7 18.
Rhg1 Kh7 19. f4 Rxc3 20. Nxc3 Bxc3 21. bxc3 Qxc3 22. Qd4 Qa3+ 23. Kd2 Rc8 24. f5 Nf6 25.
fxg6+ fxg6 26. h5 Ba4 27. hxg6+ Kg7 28. Rc1 Qxa2 29. Qd3 Qe6 30. Bd4 a6 31. Rgf1 Bb5 32. c4 Bc6 33. Bxf6+ exf6 34. Rce1 Be8 35. Qd5 Qh3 36.
Qxb7+ Kg8 37. Qc6 Bxc6 0-1

[Event "Late-Titled-Tuesday-Blitz-July-09-2024"]
[Site "Chess.com"]
[Date "2024.07.09"]
[Round "1"]
[White "KChor05"]
[Black "SoCalJuniorChess"]
[Result "1-0"]
[WhiteElo "2615"]
[BlackElo "2280"]
[TimeControl "180+1"]
[EndTime "14:06:54 PDT"]
[Termination "KChor05 won by resignation"]

1. e4 d5 2. exd5 Qxd5 3. Nc3 Qd8 4. d4 Nf6 5. Nf3 Bg4 6. h3 Bxf3 7. Qxf3 c6 8. Be3 e6 9. O-O-O Bb4 10. Ne4 Nbd7 11. Kb1 Qa5 12. Nxf6+ Nxf6 13. Bd3 O-O 14. c4 b5 15. c5 Nd5 16. Bc1 Bc3 17. Be4 b4 18. h4 Rab8 19. h5 b3 20. a3 Bb4 21. Qg3 Bxa3 22. Bh6 g6 23. hxg6 fxg6 24. Bxg6 Rf7 25. Bh5+ Kh8 26. Qxb8+ 1-0

[Event "Late-Titled-Tuesday-Blitz-July-09-2024"]
[Site "Chess.com"]
[Date "2024.07.09"]
[Round "1"]
[White "prime-morty"]
[Black "th3d4rkness"]
[Result "1-0"]
[WhiteElo "2607"]
[BlackElo "2269"]
[TimeControl "180+1"]
[EndTime "14:06:54 PDT"]
[Termination "prime-morty won by resignation"]

1. Nf3 Nf6 2. d3 g6 3. Nbd2 Bg7 4. e4 d6 5. g3 O-O 6. Bg2 c5 7. O-O Nc6 8. Re1 Bg4 9. h3 Bd7 10. a4 Qc8 11. Kh2 a6 12. Nc4 Qc7 13. a5 Be6 14. Nb6 Rad8 15. Ng5 Nxa5 16. Nxe6 fxe6 17. Nc4 Nxc4 18. dxc4 Nd7 19. Kg1 Ne5 20. Qe2 Rf7 21. h4 Rdf8 22. Bh3 Nf3+ 23. Kf1 Nxe1 24. Bxe6 Nxc2 25.
Qxc2 Kh8 26. Bxf7 Rxf7 27. Kg2 Bd4 28. f3 Qc8 29. Rb1 a5 30. b3 Qf8 31. Qd3 e5 32.
Bd2 b6 33. Rf1 Kg7 34. f4 exf4 35. gxf4 Qe7 36. Kh3 Qe6+ 37. f5 gxf5 38. exf5 Qf6 39. Bg5 Qe5 40. f6+ Kg8 41. Rf5 Qe1 42. Qf3 Qc3 43.
Qxc3 Bxc3 44. Kg4 h6 45. Bxh6 Rxf6 46. Rxf6 Bxf6 47. h5 Kf7 48. Kf5 Bd4 49. Bf4 Ke7 50. h6 Kd7 51. Bg5 b5 52. cxb5 c4 53. bxc4 a4 54.
Bc1 Kc7 55. Ke4 Be5 56. Kd5 Bh8 57. Ba3 Be5 58. h7 Kd7 59. Bxd6 Bh8 60. Ba3 Bc3 61. c5 Kc7 62. c6 Kb6 63. Kc4 Bh8 64. Bd6 Bb2 65. c7 Kb7 66. Kd5 a3 67. Bxa3 1-0

[Event "Late-Titled-Tuesday-Blitz-July-09-2024"]
[Site "Chess.com"]
[Date "2024.07.09"]
[Round "1"]
[White "Nicolik"]
[Black "KorolDimitriy75"]
[Result "1-0"]
[WhiteElo "2717"]
[BlackElo "2397"]
[TimeControl "180+1"]
[EndTime "14:06:55 PDT"]
[Termination "Nicolik won on time"]

1. d4 Nf6 2. c4 c5 3. d5 b5 4. cxb5 a6 5. bxa6 g6 6. Nc3 Bxa6 7. e4 Bxf1 8. Kxf1 d6 9. Nf3 Bg7 10. g3 O-O 11. Kg2 Nbd7 12. a4 Qb8 13. Qc2 Qb4 14. Ra3 Rfb8 15. Re1 Nb6 16. b3 c4 17. Na2 cxb3 18. Nxb4 bxc2 19. Nxc2 Rxa4 20. Rxa4 Nxa4 21. Bg5 Nc5 22. Bxf6 Bxf6 23. Ncd4 Rb2 24. Nc6 Nd3 25. Rf1 Nc5 26. e5 dxe5 27. Nfxe5 Rd2 28. Ng4 Kg7 29. Ne3 Bg5 30. Kf3 Bxe3 31. fxe3 Rxd5 32. Nxe7 Rd2 33. h4 h5 34. Nc6 Ne6 35. Ne5 Ra2 36. Rb1 Ra7 37. Rb6 Rc7 38. Ra6 Rb7 39. Nc6 Rc7 40.
Nd4 1-0

[Event "Late-Titled-Tuesday-Blitz-July-09-2024"]
[Site "Chess.com"]
[Date "2024.07.09"]
[Round "1"]
[White "SandwichOSaumon"]
[Black "scandalgod"]
[Result "0-1"]
[WhiteElo "2308"]
[BlackElo "2642"]
[TimeControl "180+1"]
[EndTime "14:06:56 PDT"]
[Termination "scandalgod won by checkmate"]

1. e4 e5 2. Nf3 Nc6 3. Bb5 a6 4. Ba4 d6 5. O-O Bg4 6. c3 Qf6 7. d3 Ne7 8. Nbd2 g5 9. Qe1 h5 10. d4 Bd7 11. d5 Nb8 12. Bxd7+ Nxd7 13. Qe3 Bh6 14. Qd3 Nc5 15. Qc2 g4 16. Ne1 Qg6 17. b4 Nd7 18. f3 Nf6 19. Qa4+ b5 20. Qa5 Be3+ 21. Kh1 Bb6 22. Qa3 h4 23. c4 h3 24.
g3 bxc4 25. Nxc4 gxf3 26. Qxf3 Nxe4 27. Nxb6 cxb6 28. Be3 Nxd5 29. Bg1 O-O 30. Rd1 Ndf6 31.
Bxb6 Rac8 32. Nd3 Rc2 33. a4 Rfc8 34. Be3 R8c3 35. Bd2 Ra3 36. Be1 Raa2 37. Bc3 Rxh2+ 38. Kg1 Rag2+ 39. Qxg2 Rxg2+ 40. Kh1 Nxg3# 0-1

[Event "Late-Titled-Tuesday-Blitz-July-09-2024"]
[Site "Chess.com"]
[Date "2024.07.09"]
[Round "1"]
[White "PushingpawnsNYC"]
[Black "VladimirKramnik"]
[Result "0-1"]
[WhiteElo "2501"]
[BlackElo "2979"]
[TimeControl "180+1"]
[EndTime "14:06:57 PDT"]
[Termination "VladimirKramnik won by resignation"]

1. e4 e6 2. d4 d5 3. Bd3 dxe4 4. Bxe4 Nf6 5. Bf3 c5 6. Ne2 Be7 7. Be3 O-O 8. O-O cxd4 9. Qxd4 Nc6 10. Bxc6 bxc6 11. Nbc3 c5 12. Qf4 Nd5 13. Qg3 Nxe3 14. Qxe3 Bb7 15. Rad1 Qc7 16. Qg3 Qc6 17. f3 Rfd8 18.
Ne4 f5 19. N4c3 Bf6 20. Nf4 Rxd1 21. Rxd1 Bd4+ 22. Kh1 e5 23. Nd3 Re8 24. Re1 e4 25. fxe4 fxe4 26. Nf4 e3 27. Nce2 Be5 28. Qg4 Qe4 29.
h4 Bc8 30. Qh5 Rf8 31. Nd3 Bb7 32. Rg1 Bd6 33. Nxc5 Bxc5 34. Ng3 Qf4 35. Rf1 Qxg3 0-1

[Event "Late-Titled-Tuesday-Blitz-July-09-2024"]
[Site "Chess.com"]
[Date "2024.07.09"]
[Round "1"]
[White "VitorBronson"]
[Black "ChristopherYoo"]
[Result "0-1"]
[WhiteElo "2508"]
[BlackElo "3028"]
[TimeControl "180+1"]
[EndTime "14:06:58 PDT"]
[Termination "ChristopherYoo won by resignation"]

1. Nf3 Nf6 2. g3 d6 3. Bg2 e5 4. O-O Nbd7 5. c4 g6 6. Nc3 Bg7 7. Rb1 a5 8. a3 O-O 9. b4 axb4 10. axb4 Re8 11. d3 h6 12. Bb2 Nh5 13. Ne1 f5 14.
Nc2 Nhf6 15. Ne3 Kh7 16. Ned5 c6 17. Nxf6+ Nxf6 18. b5 Bd7 19. bxc6 bxc6 20. Qc2 Qc7 21.
Ra1 Reb8 22. Rxa8 Rxa8 23. Ra1 Rxa1+ 24. Bxa1 Qa5 25. Qa4 Qb6 26. Qc2 Ng4 27. e3 f4 28.
h3 Nf6 29. exf4 exf4 30. gxf4 Nh5 31. Na4 Qb4 32. Bxg7 Kxg7 33. Qc3+ Qxc3 34. Nxc3 Nxf4 35. d4 Nxh3+ 36. Bxh3 Bxh3 37. Ne4 d5 38. cxd5 cxd5 39. Nc3 Be6 40. Kg2 Kf6 41. Kg3 g5 42. f4 h5 43.
fxg5+ Kxg5 44. Ne2 Bg4 45. Nc3 h4+ 46. Kf2 Be6 47. Ne2 Kg4 48. Ng1 Bf5 49. Nf3 Be4 50. Nd2 h3 51. Nf1 Kf4 52. Kg1 Bg2 53. Ng3 Ke3 54.
Nf5+ Ke4 0-1

[Event "Late-Titled-Tuesday-Blitz-July-09-2024"]
[Site "Chess.com"]
[Date "2024.07.09"]
[Round "1"]
[White "JavierRuizVazquez"]
[Black "DeTimmerman"]
[Result "0-1"]
[WhiteElo "2419"]
[BlackElo "2779"]
[TimeControl "180+1"]
[EndTime "14:06:58 PDT"]
[Termination "DeTimmerman won by resignation"]

1. e4 e5 2. Nf3 Nc6 3. Nc3 Nf6 4. h3 g6 5. Bb5 Bg7 6. O-O O-O 7. Bxc6 dxc6 8. d3 Qe7 9. Qe2 Nd7 10. Re1 Nc5 11. Bg5 f6 12. Be3 a5 13. d4 Ne6 14. d5 cxd5 15. Nxd5 Qf7 16. Rad1 b6 17. c4 Bb7 18.
b3 Rfd8 19. Qb2 Bf8 20. a3 Nc5 21. Nc3 Nd3 22. Rxd3 Rxd3 23. Nd5 a4 24. bxa4 Rxa4 25. c5 Bxd5 26. exd5 bxc5 27. Bc1 Qxd5 28. Qe2 c4 29. Nd2 Bxa3 30. Bxa3 Rxd2 31. Qg4 Rxa3 32. Qc8+ Qd8 33. Qe6+ Kg7 34. Kh2 c3 35. Rb1 c2 36. Rc1 Rc3 37.
h4 Rd1 38. Rxc2 Rxc2 39. h5 Rd6 40. h6+ Kxh6 41. Qh3+ Kg7 42. Qb3 0-1

[Event "Late-Titled-Tuesday-Blitz-July-09-2024"]
[Site "Chess.com"]
[Date "2024.07.09"]
[Round "1"]
[White "toninhojit"]
[Black "rpragchess"]
[Result "0-1"]
[WhiteElo "2514"]
[BlackElo "3108"]
[TimeControl "180+1"]
[EndTime "14:07:00 PDT"]
[Termination "rpragchess won by resignation"]

1. d4 Nf6 2. c4 Nc6 3. d5 Ne5 4. e3 e6 5. a3 a5 6. Nc3 Bc5 7. Be2 O-O 8. Nf3 Ng6 9. O-O e5 10. Rb1 d6 11. b4 axb4 12. axb4 Bb6 13. Qc2 Re8 14. e4 h6 15. Be3 Bxe3 16. fxe3 Bd7 17.
Nd2 Qe7 18. Rf2 Rf8 19. Rbf1 Nh7 20. Bh5 Qg5 21. Bxg6 Qxg6 22. c5 Ng5 23. Kh1 Ra3 24. Ndb1 Ra1 25. Qb2 Rfa8 26. Nd2 R1a3 27. Ndb1 Ra1 28.
Nd2 Rxf1+ 29. Rxf1 f5 30. exf5 Bxf5 31. Nc4 Bd3 32.
Nd2 Bxf1 33. Nxf1 Qd3 34. Qc1 Rf8 35. Ng3 Qc4 36. cxd6 cxd6 37. h3 Rc8 38. h4 Qxh4+ 0-1

[Event "Late-Titled-Tuesday-Blitz-July-09-2024"]
[Site "Chess.com"]
[Date "2024.07.09"]
[Round "1"]
[White "Fjal"]
[Black "hakanazeri2"]
[Result "1-0"]
[WhiteElo "2388"]
[BlackElo "2672"]
[TimeControl "180+1"]
[EndTime "14:07:00 PDT"]
[Termination "Fjal won by checkmate"]

1. Nf3 d5 2. g3 Nf6 3. Bg2 e6 4.
O-O Be7 5. d3 O-O 6. Nbd2 c5 7.
e4 h6 8. e5 Nfd7 9. Re1 Nc6 10.
Nf1 b5 11. h4 b4 12. Bf4 Re8 13. N1h2 Nf8 14. h5 a5 15. Qd2 Nh7 16. Ng4 Bf8 17.
Bxh6 gxh6 18. Nxh6+ Bxh6 19. Qxh6 Qe7 20. c3 Ba6 21. Rad1 Qf8 22. Qf4 Qg7 23. g4 Rf8 24. g5 Ne7 25. Bh3 Nf5 26. Bxf5 exf5 27. Qxf5 Bc8 28.
Qf4 Be6 29. Kh2 bxc3 30. bxc3 Rab8 31. Rg1 Rb2 32. Rg2 Rxa2 33. Nh4 Kh8 34. Rdg1 Rg8 35. g6 Qf8 36. gxh7 Rxg2+ 37. Rxg2 Kxh7 38. Qf6 Qh6 39. Rg6 Rxf2+ 40. Qxf2 fxg6 41. hxg6+ Kg8 42. Qf6 Qd2+ 43.
Kg3 Qe1+ 44. Kf4 Qd2+ 45. Kg3 Qxd3+ 46. Nf3 Qf5 47. Qd8+ Kg7 48. Qe7+ Kh6 49. Qh7# 1-0

[Event "Late-Titled-Tuesday-Blitz-July-09-2024"]
[Site "Chess.com"]
[Date "2024.07.09"]
[Round "1"]
[White "TheoSlade"]
[Black "IlanSchnaider"]
[Result "0-1"]
[WhiteElo "2450"]
[BlackElo "2837"]
[TimeControl "180+1"]
[EndTime "14:07:01 PDT"]
[Termination "IlanSchnaider won by checkmate"]

1. d4 Nf6 2. c4 e6 3. g3 d5 4.
Bg2 Be7 5. Nf3 O-O 6. O-O a5 7. Qc2 a4 8. Nbd2 Nc6 9. e4 dxe4 10. Nxe4 Nxd4 11. Nxd4 Qxd4 12. Rd1 Qe5 13. Bf4 Qa5 14.
Qd2 Nxe4 15. Bxe4 e5 16. Qxa5 Rxa5 17. Bd2 Ra7 18. Bc3 f6 19. Rd2 c6 20. Rad1 Be6 21. b3 axb3 22. axb3 Ra3 23. Bc2 Rfa8 24. f4 exf4 25. Re1 Kf7 26. gxf4 Bc5+ 27. Bd4 Bb4 28.
Rde2 Bxe1 29. Rxe1 Ra2 30. Bxh7 Rh8 31. f5 Rxh7 32.
fxe6+ Ke8 33. Bf2 Rh5 34. Rd1 Re5 35. Rd7 Rxe6 36. Rxg7 Ree2 37. Rg2 Ra1+ 38. Be1 Raxe1# 0-1

[Event "Late-Titled-Tuesday-Blitz-July-09-2024"]
[Site "Chess.com"]
[Date "2024.07.09"]
[Round "1"]
[White "Gzucaritas"]
[Black "zverr1"]
[Result "1-0"]
[WhiteElo "2069"]
[BlackElo "2533"]
[TimeControl "180+1"]
[EndTime "14:07:01 PDT"]
[Termination "Gzucaritas won by checkmate"]

1. e4 c5 2. Nf3 Nc6 3. Bb5 h5 4. c3 h4 5. h3 a6 6. Bxc6 dxc6 7. d4 cxd4 8. cxd4 Nf6 9. Nc3 e6 10. O-O Be7 11. e5 Nd5 12. Ne4 Bd7 13. a3 Rg8 14.
Neg5 f6 15. Ne4 g5 16. exf6 Bxf6 17. Ne5 Qe7 18. Qh5+ Kd8 19. Nxf6 Nxf6 20. Qf7 Rg7 21. Qxe7+ Kxe7 22. f3 Nd5 23. Bd2 a5 24. Rae1 Kd6 25. Nc4+ Ke7 26. Re5 b5 27. Nxa5 Kf6 28. Rfe1 Nf4 29.
Bxf4 gxf4 30. Nb3 Rag8 31. R1e2 Re8 32. Nc5 Bc8 33. R2e4 Rg6 34. Rxf4+ Ke7 35. Rxh4 Kd6 36. Rh7 Reg8 37. Ne4# 1-0

[Event "Late-Titled-Tuesday-Blitz-July-09-2024"]
[Site "Chess.com"]
[Date "2024.07.09"]
[Round "1"]
[White "Slovineanu"]
[Black "cthake"]
[Result "1-0"]
[WhiteElo "2524"]
[BlackElo "1816"]
[TimeControl "180+1"]
[EndTime "14:07:01 PDT"]
[Termination "Slovineanu won by resignation"]

1. d4 Nf6 2. Nf3 g6 3. Nbd2 Bg7 4. e4 d6 5. Bb5+ c6 6. Bd3 O-O 7. O-O Bg4 8. h3 Bxf3 9. Nxf3 b5 10. a4 b4 11. Re1 Nbd7 12. e5 Nd5 13. e6 fxe6 14. Ng5 Qb6 15. Nxe6 Bxd4 16. Nxf8 Bxf2+ 17. Kh1 Rxf8 18. Rf1 Ne3 19. Bxe3 Qxe3 20. Qe2 Qxe2 21. Bxe2 Bd4 22. Rxf8+ Nxf8 23. Rb1 a5 24. b3 Ne6 25.
g3 Ng5 26. Kg2 e5 27. Bd3 Kg7 28. Rf1 Ne6 29. Bc4 d5 30. Ba6 c5 31. h4 h6 32. Kf3 Bc3 33. Bb7 Nc7 34. Ke2 Bd4 35. Kd3 e4+ 36. Ke2 Be5 37. g4 Bf6 38. h5 gxh5 39. gxh5 Kf7 40. Rg1 Ke6 41. Rg6 Kf5 42.
Rxh6 Kg5 43. Rh7 d4 44. Rxc7 1-0

[Event "Late-Titled-Tuesday-Blitz-July-09-2024"]
[Site "Chess.com"]
[Date "2024.07.09"]
[Round "1"]
[White "temus_galaktionov"]
[Black "Mikhal867"]
[Result "1-0"]
[WhiteElo "2838"]
[BlackElo "2450"]
[TimeControl "180+1"]
[EndTime "14:07:05 PDT"]
[Termination "temus_galaktionov won on time"]

1. d4 Nf6 2. c4 g6 3. Nf3 Bg7 4. Nc3 O-O 5. e4 d6 6. Be2 e5 7.
O-O Nbd7 8. Be3 Ng4 9. Bg5 f6 10. Bh4 c6 11. h3 Nh6 12. Qd2 Nf7 13. Rfd1 h5 14. b4 Bh6 15. Qc2 g5 16. Bg3 Qe7 17. d5 c5 18. a3 Nh8 19. Ne1 h4 20. Bh2 Ng6 21. Bg4 Nf4 22. Nd3 b6 23. Rab1 Kg7 24.
Nb5 Rf7 25. Nc7 Rb8 26. Bxf4 gxf4 27. Ne6+ Kh8 28. bxc5 dxc5 29. a4 f3 30. Bxf3 Nf8 31. Nexc5 Rg7 32. Kf1 f5 33. exf5 Bxf5 34. Ne4 Ng6 35.
Qc3 Re8 36. c5 Bxe4 37. Bxe4 Nf4 38. d6 Qg5 39. Nxf4 Qxf4 40. Qf3 bxc5 41. d7 Rd8 42.
Qxf4 exf4 43. Bc6 Rg6 44. Bb5 Rb6 45. Rbc1 a6 46. Bc4 Bf8 47. Be2 Kg7 48. Rd5 Rd6 49. Rxd6 Bxd6 50. Bg4 Kf6 51. Re1 Be5 52. Rb1 c4 53.
Rb6+ Kg5 54. Rxa6 c3 55. Rc6 Bf6 56. a5 Rb8 57. a6 Rb1+ 58. Ke2 Ra1 59. Rxf6 Ra2+ 60.
Kd3 Rd2+ 61. Kxc3 Rxd7 62. Bxd7 Kxf6 63. a7 1-0

[Event "Late-Titled-Tuesday-Blitz-July-09-2024"]
[Site "Chess.com"]
[Date "2024.07.09"]
[Round "1"]
[White "enriquebutti"]
[Black "Slovak_fighter2000"]
[Result "1-0"]
[WhiteElo "2165"]
[BlackElo "2550"]
[TimeControl "180+1"]
[EndTime "14:07:05 PDT"]
[Termination "enriquebutti won on time"]

1. d4 Nf6 2. Nf3 e6 3. e3 b6 4. Bd3 Bb7 5. O-O c5 6. b3 Be7 7. Bb2 O-O 8. c4 cxd4 9. exd4 d5 10. Nc3 Nc6 11. Qe2 dxc4 12. bxc4 Rc8 13. Rad1 Qc7 14. a3 Rfd8 15. d5 exd5 16. Nxd5 Nxd5 17. cxd5 Nb8 18.
Qe4 g6 19. Qd4 f6 20. Qg4 Qd7 21. Qg3 Bd6 22. Qh4 Be7 23. Bxf6 Bxf6 24. Qxf6 Qd6 25. Qh4 Nd7 26. Rfe1 Re8 27. Ng5 Nf8 28. Rxe8 Rxe8 29. Bc4 Re7 30. h3 a6 31. Qd4 b5 32. Bb3 h6 33.
Ne4 Qe5 34. d6+ Kh7 35. dxe7 Qxe7 36. Nf6+ Kg7 37. Nd5+ 1-0

[Event "Late-Titled-Tuesday-Blitz-July-09-2024"]
[Site "Chess.com"]
[Date "2024.07.09"]
[Round "1"]
[White "Hsper248"]
[Black "PlotnikovPavel"]
[Result "0-1"]
[WhiteElo "2716"]
[BlackElo "2432"]
[TimeControl "180+1"]
[EndTime "14:07:06 PDT"]
[Termination "PlotnikovPavel won by resignation"]

1. e4 e6 2. d4 d5 3. e5 Ne7 4.
Nf3 Nf5 5. Bd3 c5 6. c3 Nc6 7. dxc5 Bxc5 8. O-O a5 9. Qe2 O-O 10. Bxf5 exf5 11. Be3 Be7 12. a4 Qc7 13. Bf4 h6 14. h4 Be6 15. Nbd2 Rfd8 16. Nb3 Qb6 17. Nbd4 Rac8 18. h5 Qa6 19. Qxa6 bxa6 20. Rfd1 Kh7 21. Rd2 Rd7 22. Rad1 Rb7 23. Be3 Rcc7 24. Nxc6 Rxc6 25.
Nd4 Rc4 26. Ra1 Bd7 27. f4 Bc5 28. g3 g6 29. hxg6+ fxg6 30. Kf2 Kg7 31. Ra2 Kf7 32.
Nc2 Bxa4 33. Bxc5 Bxc2 34. Rxd5 Bb1 35. Rxa5 Rxb2+ 36. Ke1 Rxc3 37. Rd7+ Ke8 38. Rd2 Rxd2 39. Kxd2 Rxg3 40. Rxa6 Rd3+ 41. Ke2 Rd5 42. Be3 Bd3+ 0-1